 Dungeon Crawl Stone Soup version 0.31-a0-313-g785cd24033 (webtiles) character file.

Game seed: 2196753866902742165

460 AdnanSaban the Cudgeller (level 7, -1/44 HPs)
             Began as a Gargoyle Fighter on July 17, 2023.
             Slain by a wight
             ... wielding a +0 dire flail
              (4 damage)
             ... on level 4 of the Dungeon.
             The game lasted 00:03:46 (2889 turns).

AdnanSaban the Cudgeller (Gargoyle Fighter)         Turns: 2889, Time: 00:03:47

Health: -1/44      AC: 12    Str: 22    XL:     7   Next: 7%
Magic:  7/7        EV:  9    Int:  8    God:
Gold:   217        SH:  4    Dex:  9    Spells: 6/6 levels left

rFire   . . .        a - +0 flail
rCold   . . .        c - +0 buckler
rNeg    + . .        b - +0 scale mail
rPois   ∞            (no helmet)
rElec   +            (no cloak)
rCorr   .            (no gloves)
SInv    .            (no boots)
Will    .....        (no amulet) Stlth
                     (no ring)
HPRegen 0.27/turn    (no ring)
MPRegen 0.10/turn

%: no passive effects
@: no status effects
A: sickness immunity, AC +4, negative energy resistance 1, electricity
resistance, torment resistance 1, petrification resistance
a: no special abilities


You were on level 4 of the Dungeon.
You visited 1 branch of the dungeon, and saw 4 of its levels.

You collected 217 gold pieces.

Inventory:

Hand Weapons
 a - a +0 flail (weapon)
Armour
 b - a +0 scale mail (worn)
 c - a +0 buckler (worn)
Jewellery
 g - a +6 ring of intelligence
 j - a ring of protection from fire
Scrolls
 e - 6 scrolls of teleportation {unknown}
 f - 2 scrolls of identify {unknown}
 h - a scroll of brand weapon {unknown}
 l - 2 scrolls of revelation {unknown}
 n - a scroll of blinking {unknown}
 o - a scroll of immolation {unknown}
 q - a scroll of noise {unknown}
 r - a scroll of fear {unknown}
 s - 2 scrolls of enchant weapon {unknown}
 t - a scroll of poison {unknown}
 w - a scroll of vulnerability {unknown}
Potions
 d - a potion of might
 i - a potion of mutation {unknown}
 k - a potion of attraction {unknown}
 m - a potion of heal wounds {unknown}
 p - 3 potions of brilliance {unknown}
 u - 2 potions of berserk rage {unknown}
 v - 4 potions of lignification {unknown}
 x - a potion of enlightenment {unknown}


   Skills:
 + Level 4.6 Fighting
 + Level 5.3 Maces & Flails
 + Level 4.7 Armour
 + Level 4.3 Shields


You had 6 spell levels left.
You didn't know any spells.
Your spell library contained the following spells:

 Spells                   Type           Power      Damage    Failure   Level
 Foxfire                  Conj/Fire      0%         2x1d4     80%         1
 Plasma Beam              Fire/Air       0%         2x1d10    100%        6
 Starburst                Conj/Fire      0%         6d3       100%        6


Dungeon Overview and Level Annotations

Branches:
Dungeon (4/15)
 Temple: D:4-7

Altars:

Annotations:
D:4 2 transporters, Olga's ghost, amateur MeFi


Innate Abilities, Weirdness & Mutations

You are immune to sickness and miasma.
Your stone body is resilient. (AC +4)
You are immune to poison.
You resist negative energy. (rN+)
You are resistant to electric shocks. (rElec)
You are resistant to unholy torment.
You are immune to petrification.


Message History

The wight is moderately damaged.
The wight hits you with a +4 flail.
You hit the wight.
The wight is severely damaged.
You block the wight's attack. The wight hits you with a +4 flail.
You barely miss the wight.
The wight is severely damaged.
The wight hits you but does no damage.
You barely miss the wight.
The wight is severely damaged.
You block the wight's attack.
You hit the wight but do no damage.
The wight is severely damaged.
The wight hits you with a +4 flail.
You hit the wight.
The wight is almost destroyed.
The wight hits you with a +4 flail!
You barely miss the wight.
The wight is almost destroyed.
The wight barely misses you.
You barely miss the wight.
The wight is almost destroyed.
The wight hits you but does no damage. The wight hits you with a +4 flail!
* * * LOW HITPOINT WARNING * * *
You hit the wight.
You destroy the wight!
You have reached level 7!
The wight attacks as you move away! The wight barely misses you.
The wight attacks as you move away! The wight barely misses you.
The wight attacks as you move away! The wight barely misses you.
The wight attacks as you move away!
The wight hits you with a +0 dire flail.
* * * LOW HITPOINT WARNING * * *
The wight attacks as you move away! The wight hits you but does no damage.
The wight attacks as you move away!
The wight hits you with a +0 dire flail!
* * * LOW HITPOINT WARNING * * *
You closely miss the wight.
The wight hits you with a +0 dire flail.
You die...

#........# #...........#
#........# #............
#........# #.....####...
#........# #............
#........# #####...........
#........# #......(...#####
######........# #.###......#....
)).........##.####.##.......#....
##########.##..z@...#.##.#..#..#
#.##########.##.#..#..#8 #.#
#.##.#..#$..$ #.# ###.#....©#$...
#.# #...#.##..#....
#.########>###.##..#..#8
#######........#.# #.##..#..##
####........#####.#.###.....#Z...
..................#.....#...#Z...


You could see a wight.

Vanquished Creatures
  An ogre (D:4)
  2 wights (D:4)
  2 orc wizards (D:3)
  2 scorpion zombies (D:3)
  2 iguanas (D:4)
  A howler monkey zombie (D:3)
  2 adders
  2 worms
  3 dart slugs
  7 orcs
  5 bats
  6 endoplasms
  2 giant cockroaches
  6 hobgoblins
  7 jackals
  3 quokkas (D:2)
  2 ball pythons
  A ball python skeleton (D:3)
  4 frilled lizards
  2 giant cockroach zombies (D:3)
  6 goblins
  7 kobolds
  6 rats
81 creatures vanquished.

Notes
Turn   | Place    | Note
-------+----------+-------------------------------------------
     0 | D:1      | AdnanSaban the Gargoyle Fighter began the quest for the
                  | Orb.
     0 | D:1      | Reached XP level 1. HP: 14/14 MP: 1/1
   159 | D:1      | Reached XP level 2. HP: 19/19 MP: 2/2
   784 | D:2      | Reached XP level 3. HP: 22/23 MP: 3/3
  1266 | D:3      | Reached skill level 3 in Maces & Flails
  1301 | D:3      | Reached XP level 4. HP: 29/29 MP: 4/4
  1687 | D:3      | Reached XP level 5. HP: 26/33 MP: 5/5
  1818 | D:3      | Reached skill level 4 in Maces & Flails
  2103 | D:4      | Reached XP level 6. HP: 19/38 MP: 6/6
  2346 | D:4      | Noticed Olga's ghost (amateur MeFi)
  2347 | D:4      | Found a transporter.
  2421 | D:4      | Found a transporter.
  2853 | D:4      | Reached skill level 5 in Maces & Flails
  2875 | D:4      | Reached XP level 7. HP: 12/44 MP: 7/7
  2889 | D:4      | Slain by a wight

Illustrated notes

Levels and vault maps discovered:
D:1:      grunt_arrival_crossed_arrows, layout_loops_cross
D:2:      layout_basic, st_stairs_2
D:3:      layout_rooms, serial_undead, serial_undead_a, serial_undead_e,
          serial_undead_e, serial_undead_e, serial_undead_d, serial_undead_b
D:4:      layout_basic, gammafunk_ghost_mausoleum, minmay_stone_trees_medium,
          nicolae_twisty_statue_hallways

Skill      XL: |  1  2  3  4  5  6 |
---------------+-------------------+-----
Maces & Flails | 3 4 5 |  5.3
Armour         | 4 |  4.7
Shields        | 4 |  4.3
Fighting       | 4 |  4.6

Action                     |  1- 3 |  4- 6 |  7- 9 || total
---------------------------+-------+-------+-------++-------
  Melee: Flail             |   131 |   170 |     1 ||   302
 Armour: Scale mail        |    82 |   100 |     1 ||   183
  Dodge: Dodged            |    67 |   110 |     3 ||   180
  Block: Buckler           |    28 |    46 |       ||    74

Table legend: (Time is in decaauts)
 A = Elapsed time spent in this place.
 B = Non-inter-level travel time spent in this place.
 C = Inter-level travel time spent in this place.
 D = Time resting spent in this place.
 E = Time spent auto-exploring this place.
 F = Levels seen in this place.
 G = Mean time per level.
                   A        B        C        D        E       F      G
               +--------+--------+--------+--------+--------+-----+--------+
         Total |   2972 |   2932 |     40 |     41 |   2206 |   4 |  743.0 |
       Dungeon |   2972 |   2932 |     40 |     41 |   2206 |   4 |  743.0 |
               +--------+--------+--------+--------+--------+-----+--------+

Top non-repeatable levels by time:
     D:4: 858 daAuts
     D:2: 761 daAuts
     D:3: 737 daAuts
     D:1: 615 daAuts
